Description

Solide Verteidigung bei 4:10 wo der Zerg mit Schaben und Zerglingen stress machen kann.

Build Order

Get SALT Encoding   

  8  0:00  Probe  
  10  0:11  Probe  
  11  0:22  Probe  
  12  0:34  Pylon  
  12  0:35  Probe  
  12  0:54  Gateway  
  13  0:46  Probe  
  14  0:56  Probe  
  15  1:07  Probe  
  16  1:31  Probe  Pull Worker
  18  1:41  Cybernetics Core  
  18  1:43  Zealot  
  17  2:02  Nexus  
  19  2:04  Assimilator  
  20  2:09  Probe  
  21  2:14  Pylon  
  21  2:19  Probe  
  21  2:26  Gateway  
  21  2:25  Zealot  
  21  2:28  Action  Gas Abbau
  21  2:32  Probe  
  22  2:37  Assimilator  
  22  2:40  Pylon  
  24  2:42  Probe  
  24  2:50  Warp Gate  
  25  3:00  Action  Gas Abbau
  26  3:07  Action  Rellaypoint auf Natural
  27  3:15  Twilight Council  
  34  3:32  Zealot x2  
  35  3:45  Shield Battery  
  36  3:57  Gateway x3  
  36  4:05  Pylon x2  
  36  3:50  Charge  
  44  4:40  Pylon  
  45  4:45  Dark Shrine  
  48  4:57  Pylon  
  50  5:05  Pylon, Assimilator  
  52  5:17  Gateway  
  52  5:23  Zealot x3  
  60  5:41  Templar Archives  
  60  5:46  Forge  
  62  6:01  Zealot x3  
  62  6:06  Gateway  
  70  6:15  Immortal  
  70  6:20  Protoss Ground Weapons Level 1 (Chrono Boost)  
  74  6:25  Zealot x2  
  68  6:45  Nexus  
Spawning Tool Build Advisor. Get it on Overwolf

Go to:

Details

  • Created by: el_gran_salamanca
  • Published on: Feb 02, 2026
  • Modified on: Sep 06, 2026
  • Patch: 5.0.11
  • Difficulty: Medium
Show
View Real Time Build Order
Export as new Build Order

Comments (0)

There are no comments. Be the first!

Create an account to comment!